 Dungeon Crawl Stone Soup version 0.18-a0-1745-gffa9a88 (webtiles) character file.

224 inmateoo the Ducker (level 5, -1/45 HPs)
             Began as a Minotaur Necromancer on Apr 12, 2016.
             Slain by Natasha (4 damage)
             ... on level 3 of the Dungeon.
             The game lasted 00:04:12 (2720 turns).

inmateoo the Ducker (Minotaur Necromancer)          Turns: 2720, Time: 00:04:13

Health: -1/45      AC:  5    Str: 19    XL:     5   Next: 67%
Magic:  6/6        EV: 12    Int: 12    God:
Gold:   52         SH:  0    Dex: 10    Spells: 1 memorised, 5 levels left

rFire  . . .     SeeInvis .     l - +0 dagger (drain)
rCold  . . .     Gourm    .     k - +0 ring mail
rNeg   . . .     Faith    .     (no shield)
rPois  .         Spirit   .     (helmet restricted)
rElec  .         Dismiss  .     (no cloak)
rCorr  .         Reflect  .     (no gloves)
SustAt .         Harm     .     (no boots)
MR     .....                    (no amulet)
Stlth  +.........               (no ring)
                                (no ring)

@: mighty, slowed, very slow, not resistant to hostile enchantments, very
unstealthy
A: retaliatory headbutt, horns 2
a: no special abilities


You were on level 3 of the Dungeon.
You were not hungry.

You visited 1 branch of the dungeon, and saw 3 of its levels.

You collected 52 gold pieces.

Inventory:

Hand Weapons
 d - a +0 whip
 h - a +0 flail
 l - a +0 dagger of draining (weapon)
Armour
 k - a +0 ring mail (worn)
Scrolls
 e - a scroll of immolation {unknown}
 n - a scroll of noise {unknown}
Potions
 i - a potion of cancellation
 j - a potion of cure mutation {unknown}
 m - a potion of brilliance {unknown}
Books
 b - a book of Necromancy

   Spells                             Type                      Level
   a - Pain                           Necromancy                   1
   b - Animate Skeleton               Necromancy                   1
   c - Vampiric Draining              Necromancy                   3
   d - Regeneration                   Charms/Necromancy            3
   e - Animate Dead                   Necromancy                   4
   f - Control Undead                 Necromancy                   4
Comestibles
 a - 3 fruits
 c - 2 bread rations
 g - a meat ration


   Skills:
 + Level 3.1 Fighting
 + Level 3.4 Armour
 + Level 4.6 Dodging
 - Level 1.5 Stealth
 - Level 1.3 Spellcasting
 - Level 2.9 Necromancy


You had 5 spell levels left.
You knew the following spells:

 Your Spells              Type           Power        Failure   Level  Hunger
a - Pain                  Necr           #...         17%         1    ##.....


Dungeon Overview and Level Annotations

Branches:
Dungeon (3/15)

Altars:
Ashenzari
Fedhas
Nemelex Xobeh
Ru

Annotations:
D:3 Natasha, Sigmund


Innate Abilities, Weirdness & Mutations

You reflexively headbutt those who attack you in melee.
You have a pair of horns on your head.


Message History

You feel yourself slow down.
You barely miss Natasha.
Natasha is severely wounded.
Natasha closely misses you. Natasha claws you but does no damage.
Drink which item? (? for menu, Esc to quit)
Okay, then.
You closely miss Natasha.
Natasha is severely wounded.
Natasha claws you.
* * * LOW HITPOINT WARNING * * *
You closely miss Natasha.
Natasha is severely wounded.
Natasha claws you.
* * * LOW HITPOINT WARNING * * *
Natasha claws you but does no damage.
Drink which item? (? for menu, Esc to quit)
It was a potion of might.
You feel very mighty all of a sudden. Natasha claws you.
You die...

#...#..
##...........#
#....# ......#
#....# #.....# #
#....# #.....##.##
#....# #..(.(.#..#
#.#..###..........
#h#...##..........
#@#.#.##..........
#.#.#.##..##......
#.#.....)####o....
##...###...#.......
#....# ###[#.#.....
#..### #.#.##.#..
#..# #........#
###..# #(.......#
##_##.# #.....#..


You could see Natasha.

Vanquished Creatures
  The ghost of M4edhros the Sneak, an amateur OpAr (D:3)
  Robin (D:1)
  2 adders
  3 gnolls
  An ooze (D:2)
  3 worms
  A dart slug (D:1)
  A giant gecko (D:1)
  2 orcs (D:3)
  5 giant cockroaches
  13 goblins
  10 hobgoblins
  4 jackals (D:2)
  2 quokkas
  5 bats
  3 giant newts
  10 kobolds (D:1)
  6 rats
73 creatures vanquished.

Notes
Turn   | Place    | Note
--------------------------------------------------------------
     0 | D:1      | inmateoo the Minotaur Necromancer began the quest for the Orb.
     0 | D:1      | Reached XP level 1. HP: 14/14 MP: 1/1
    97 | D:1      | Reached skill level 1 in Armour
   143 | D:1      | Reached skill level 1 in Fighting
   262 | D:1      | Reached XP level 2. HP: 19/23 MP: 3/3
   483 | D:1      | Reached skill level 3 in Dodging
   733 | D:1      | Reached XP level 3. HP: 4/28 MP: 4/4
  1192 | D:2      | Noticed Robin
  1320 | D:1      | Killed Robin
  1416 | D:2      | Reached XP level 4. HP: 36/36 MP: 5/5
  1648 | D:2      | Found a shattered altar of Ashenzari.
  2146 | D:2      | Reached skill level 4 in Dodging
  2441 | D:3      | Noticed Sigmund
  2508 | D:3      | Found a sacrificial altar of Ru.
  2511 | D:3      | Found a sparkling altar of Nemelex Xobeh.
  2514 | D:3      | Found a blossoming altar of Fedhas.
  2550 | D:3      | Reached XP level 5. HP: 35/42 MP: 6/6
  2563 | D:3      | Noticed M4edhros's ghost (amateur OpAr)
  2585 | D:3      | Killed M4edhros's ghost
  2705 | D:3      | Noticed Natasha
  2720 | D:3      | Slain by Natasha

Vault maps used:
D:1:      eino_arrival_tree_alley
D:2:      lemuel_crystal_altar, minivault_24, uniq_natasha, uniq_robin
D:3:      led_xom_imps, bloody_trog, grunt_temple_overflow_diamond,
          kennysheep_boxes, uniq_sigmund

Skill      XL: |  1  2  3  4  5 |
---------------+----------------+-----
Armour         | 1 2 3 |  3.4
Fighting       | 1 2 3 |  3.1
Dodging        | 3 4 |  4.6
Stealth        | |  1.5
Spellcasting   | |  1.3
Necromancy     | |  2.9

Action                   |  1- 3 |  4- 6 || total
-------------------------+-------+-------++-------
Melee: Whip              |   135 |    74 ||   209
       Dagger            |       |    40 ||    40
  Use: Scroll            |       |     5 ||     5
       Potion            |       |     2 ||     2
 Stab: Sleeping          |     1 |       ||     1
  Eat: Chunk             |     2 |     4 ||     6
